 Dungeon Crawl Stone Soup version 0.17-a0-1778-gd369669 (webtiles) character file.

48 4thArraOfDagon the Conjurer (level 3, -4/26 HPs)
             Began as a Centaur Conjurer on Sept 8, 2015.
             Killed from afar by an orc wizard (6 damage)
             ... with a puff of flame
             ... on level 4 of the Dungeon.
             The game lasted 00:02:05 (314 turns).

4thArraOfDagon the Conjurer (Centaur Conjurer)       Turns: 314, Time: 00:02:05

Health: -4/26      AC:  4    Str: 10    XL:     3   Next: 50%
Magic:  4/6        EV:  9    Int: 15    God:
Gold:   40         SH:  0    Dex:  9    Spells: 1 memorised, 5 levels left

rFire  . . .     SeeInvis .     i - +2 hand axe (chop)
rCold  . . .     Clarity  .     a - +0 robe
rNeg   . . .     SustAt   .     (no shield)
rPois  .         Gourm    .     (no helmet)
rElec  .         Spirit   .     (no cloak)
rCorr  .         Warding  .     (no gloves)
rMut   .         Stasis   .     (no barding)
MR     .....                    (no amulet)
Stlth  +.........               (no ring)
                                (no ring)

@: very quick, not resistant to hostile enchantments, very unstealthy
A: hooves 3, deformed body, speed 2, tough skin 3
a: no special abilities


You were on level 4 of the Dungeon.
You were not hungry.

You visited 1 branch of the dungeon, and saw 4 of its levels.

You collected 40 gold pieces.

Inventory:

Hand weapons
 e - a +1 mace of holy wrath
 i - a +2 hand axe of chopping (weapon)
Armour
 a - a +0 robe (worn)
Scrolls
 h - a scroll of enchant armour
Books
 b - a book of Conjurations

   Spells                             Type                      Level
   a - Magic Dart                     Conjuration                  1
   b - Searing Ray                    Conjuration                  2
   c - Dazzling Spray                 Conjuration/Hexes            3
   d - Fulminant Prism                Conjuration/Hexes            4
   e - Iskenderun's Mystic Blast      Conjuration                  4
   f - Iskenderun's Battlesphere      Conjuration/Charms           5
Comestibles
 c - a bread ration
 f - 3 chunks of flesh


   Skills:
 - Level 1.3 Dodging
 - Level 1.2 Stealth
 + Level 2.1 Spellcasting
 * Level 4.4 Conjurations


You had 5 spell levels left.
You knew the following spells:

 Your Spells              Type           Power        Failure   Level  Hunger
a - Magic Dart            Conj           ###.         3%          1    #......


Dungeon Overview and Level Annotations

Branches:
Dungeon (4/15)
 Temple: D:4-7

Altars:


Innate Abilities, Weirdness & Mutations

You have hooves in place of feet.
Armour fits poorly on your strangely shaped body.
You cover ground very quickly.
You have extremely tough skin (AC +3).


Message History

The orc wizard blinks!
The orc wizard hits you with a dagger.
* * * LOW HITPOINT WARNING * * *
The orc wizard barely misses you.
The orc wizard hits you but does no damage.
The orc wizard casts a cantrip, but nothing happens.
You closely miss the orc wizard.
The orc wizard is moderately wounded.
You hit the orc wizard.
The orc wizard is heavily wounded.
The orc wizard hits you but does no damage.
The orc wizard gestures at you while chanting.
The puff of frost misses you.
The orc wizard casts a spell.
The orc wizard blinks!
The orc wizard completely misses you.
Unknown command.
You hit the orc wizard.
The orc wizard is almost dead.
The orc wizard gestures at you while chanting.
The puff of flame hits you!
You die...

###### #@s.o#
###o##...o...
#..oo#.$(....
#.#..#.o.....
#.#..#..lo...
#.#..#.......
#.#..#s......
#.#..#.......
#<#..#


You could see a scorpion, 2 orc wizards and 3 orcs.

Vanquished Creatures
  An orc priest (D:4)
  A giant gecko (D:1)
  3 orcs
  3 bats
  A giant cockroach (D:1)
  2 kobolds (D:1)
  2 giant newts (D:4)
  2 goblins (D:1)
  5 rats
20 creatures vanquished.

Notes
Turn   | Place    | Note
--------------------------------------------------------------
     0 | D:1      | 4thArraOfDagon the Centaur Conjurer began the quest for the Orb.
     0 | D:1      | Reached XP level 1. HP: 14/14 MP: 3/3
   103 | D:1      | Reached XP level 2. HP: 15/20 MP: 4/4
   124 | D:1      | Reached skill level 4 in Conjurations
   301 | D:4      | Noticed a scorpion
   308 | D:4      | Reached XP level 3. HP: 9/26 MP: 4/6
   314 | D:4      | Killed from afar by an orc wizard

Vault maps used:
D:1:      dpeg_arrival_chambers_temple_mockup
D:2:      okawaru_ov_weapons_minmay, first_bread, minmay_misc_feat_diagonals,
          serial_bayou_pond_b
D:3:      kennysheep_generic_room_6
D:4:      minmay_joined_circles, uniq_crazy_yiuf_cottage

Action                   || total
-------------------------++-------
Melee: Mace              ||    18
       Hand axe          ||    20
 Cast: Magic Dart        ||    11
  Use: Potion            ||     2
       Scroll            ||     1
